ESL (28 & UNDER)
NEWARK BULLDOGS @ MT PLEASANT BEARCATS
09/18/2027
 
TOP OF THE 1ST
Newark Bulldogs batting - Pitching for Mt Pleasant Bearcats : LHP Ed Stevens
Pitching: LHP Ed Stevens
Batting: LHB Gerardo Guzmán 0-0: Swinging Strike
0-1: Ball
1-1: Foul Ball, location: 2F
1-2: Strikes out swinging, 2-3 out at first.
Batting: RHB Wilson Flores 0-0: Foul Ball, location: 2F
0-1: Called Strike
0-2: Ball
1-2: Strikes out swinging
Batting: RHB Ken McDonald 0-0: Called Strike
0-1: Swinging Strike
0-2: Foul Ball, location: 2F
0-2: Strikes out swinging
Top of the 1st over - 0 run(s), 0 hit(s), 0 error(s), 0 left on base; Newark 0 - Mt Pleasant 0
BOTTOM OF THE 1ST
Mt Pleasant Bearcats batting - Pitching for Newark Bulldogs : RHP Gonzalo Benetti
Pitching: RHP Gonzalo Benetti
Batting: RHB Ben Barker 0-0: Ball
1-0: Fly out, F8 (Flyball, 8LM)
Batting: RHB Carlos López 0-0: Called Strike
0-1: Ground out 5-3 (Groundball, 56)
Batting: RHB Pat Fernández 0-0: Foul Ball, location: 2F
0-1: Fly out, F4 (Popup, 3D)
Bottom of the 1st over - 0 run(s), 0 hit(s), 0 error(s), 0 left on base; Newark 0 - Mt Pleasant 0
TOP OF THE 2ND
Newark Bulldogs batting - Pitching for Mt Pleasant Bearcats : LHP Ed Stevens
Batting: LHB Frank Jackson 0-0: Called Strike
0-1: Foul Ball, location: 2F
0-2: Strikes out swinging
Batting: RHB Norris Howard 0-0: Fly out, F9 (Flyball, 9D)
Batting: RHB Joe Baker 0-0: Foul Ball, location: 2F
0-1: Ball
1-1: Called Strike
1-2: Ground out 6-3 (Groundball, 6)
Top of the 2nd over - 0 run(s), 0 hit(s), 0 error(s), 0 left on base; Newark 0 - Mt Pleasant 0
BOTTOM OF THE 2ND
Mt Pleasant Bearcats batting - Pitching for Newark Bulldogs : RHP Gonzalo Benetti
Batting: RHB Jeffrey Hicks 0-0: Foul Ball, location: 2F
0-1: Foul Ball, location: 2F
0-2: SOLO HOME RUN (Flyball, 7LD), Distance : 365 ft
Batting: RHB Chris Burrell 0-0: Called Strike
0-1: Ball
1-1: Foul Ball, location: 2F
1-2: Ball
2-2: Foul Ball, location: 2F
2-2: DOUBLE (Line Drive, 89S)
Batting: RHB Tom Hicks 0-0: Ball
1-0: Swinging Strike
1-1: Foul Ball, location: 2F
1-2: Foul Ball, location: 2F
1-2: Ground out 6-3 (Groundball, 6)
Batting: RHB Pedro López 0-0: Ball
1-0: Called Strike
1-1: Ground out U3 (Groundball, 34)
Chris Burrell to third
Batting: RHB Nicoli Turina 0-0: Called Strike
0-1: Ball
1-1: Ball
2-1: Swinging Strike
2-2: Foul Ball, location: 2F
2-2: Ball
3-2: Foul Ball, location: 2F
3-2: Base on Balls
Batting: RHB Martín Pérez 0-0: SINGLE (Line Drive, 6M)
Chris Burrell scores
Nicoli Turina to second
Batting: RHB Ben Barker 0-0: 3-RUN HOME RUN (Flyball, 78XD), Distance : 389 ft
Batting: RHB Carlos López 0-0: Called Strike
0-1: Ground out 6-3 (Groundball, 56)
Bottom of the 2nd over - 5 run(s), 4 hit(s), 0 error(s), 0 left on base; Newark 0 - Mt Pleasant 5
TOP OF THE 3RD
Newark Bulldogs batting - Pitching for Mt Pleasant Bearcats : LHP Ed Stevens
Batting: RHB Stan Simpson 0-0: Ball
1-0: SINGLE (Line Drive, 9S)
Batting: LHB Ángel Tuzzi 0-0: DOUBLE (Line Drive, 8RXD)
Stan Simpson to third
Batting: RHB Perry Henry 0-0: Ball
1-0: Called Strike
1-1: Ground out 6-3 (Groundball, 6)
Stan Simpson scores
Ángel Tuzzi to third
Batting: LHB Gerardo Guzmán 0-0: Called Strike
0-1: Ball
1-1: Ball
2-1: Fly out, F8 (Flyball, 8LD)
Runner from 3rd tags up, SCORES, no throw
Batting: RHB Wilson Flores 0-0: Ball
1-0: SINGLE (Groundball, 56D)
Batting: RHB Ken McDonald 0-0: Ball
1-0: Ball
2-0: SINGLE (Line Drive, 7LS)
Wilson Flores to second
Batting: LHB Frank Jackson 0-0: Foul Ball, location: 2F
0-1: Reached on error, E6 (Popup, 6MD)
Wilson Flores to third
Ken McDonald to second
Batting: RHB Norris Howard 0-0: Ball
1-0: Ball
2-0: Ball
3-0: Called Strike
3-1: Foul Ball, location: 2F
3-2: Base on Balls
Wilson Flores scores
Ken McDonald to third
Frank Jackson to second
Batting: RHB Joe Baker 0-0: Ball
1-0: Called Strike
1-1: Fly out, F5 (Popup, 5D)
Top of the 3rd over - 3 run(s), 4 hit(s), 1 error(s), 3 left on base; Newark 3 - Mt Pleasant 5
BOTTOM OF THE 3RD
Mt Pleasant Bearcats batting - Pitching for Newark Bulldogs : RHP Gonzalo Benetti
Batting: RHB Pat Fernández 0-0: Called Strike
0-1: Ball
1-1: Called Strike
1-2: SINGLE (Flyball, 34D)
Batting: RHB Jeffrey Hicks 0-0: Called Strike
0-1: Called Strike
0-2: Ball
1-2: Ball
2-2: Ball
3-2: Grounds into double play, 5-4-3 (Groundball, 56)
Batting: RHB Chris Burrell 0-0: Ball
1-0: Ball
2-0: Foul Ball, location: 2F
2-1: Ball
3-1: Fly out, F3 (Popup, 3)
Bottom of the 3rd over - 0 run(s), 1 hit(s), 0 error(s), 0 left on base; Newark 3 - Mt Pleasant 5
TOP OF THE 4TH
Newark Bulldogs batting - Pitching for Mt Pleasant Bearcats : LHP Ed Stevens
Batting: RHB Stan Simpson 0-0: Ball
1-0: Ball
2-0: Ball
3-0: Called Strike
3-1: Called Strike
3-2: Strikes out swinging
Batting: LHB Ángel Tuzzi 0-0: Called Strike
0-1: Fly out, F7 (Flyball, 7LS)
Batting: RHB Perry Henry 0-0: Ball
1-0: Called Strike
1-1: Ball
2-1: Ball
3-1: Called Strike
3-2: Ground out 5-3 (Groundball, 56S)
Top of the 4th over - 0 run(s), 0 hit(s), 0 error(s), 0 left on base; Newark 3 - Mt Pleasant 5
BOTTOM OF THE 4TH
Mt Pleasant Bearcats batting - Pitching for Newark Bulldogs : RHP Gonzalo Benetti
Batting: RHB Tom Hicks 0-0: Ball
1-0: Swinging Strike
1-1: Ball
2-1: Swinging Strike
2-2: Fly out, F6 (Line Drive, 6MS)
Batting: RHB Pedro López 0-0: Foul Ball, location: 2F
0-1: Ball
1-1: DOUBLE (Flyball, 89D)
Batting: RHB Nicoli Turina 0-0: Ball
1-0: Ball
Wild Pitch!
Pedro López to third
2-0: Ball
3-0: Called Strike
3-1: DOUBLE (Line Drive, 8RXD)
Pedro López scores
Pitching: RHP Jesús Salazar
Batting: RHB Martín Pérez 0-0: Called Strike
0-1: Ball
1-1: Fly out, F8 (Flyball, 8LS)
Batting: RHB Ben Barker 0-0: Called Strike
0-1: Ball
1-1: Foul Ball, location: 2F
1-2: Foul Ball, location: 2F
1-2: Strikes out swinging
Bottom of the 4th over - 1 run(s), 2 hit(s), 0 error(s), 1 left on base; Newark 3 - Mt Pleasant 6
TOP OF THE 5TH
Newark Bulldogs batting - Pitching for Mt Pleasant Bearcats : LHP Ed Stevens
Batting: LHB Gerardo Guzmán 0-0: Ball
1-0: Called Strike
1-1: Foul Ball, location: 2F
1-2: Ground out 1-3 (Groundball, 13S)
Batting: RHB Wilson Flores 0-0: Swinging Strike
0-1: Ground out 6-3 (Groundball, 6)
Batting: RHB Ken McDonald 0-0: Ball
1-0: Ball
2-0: Ball
3-0: Called Strike
3-1: SINGLE (Line Drive, 4MD)
Batting: LHB Frank Jackson 0-0: Ball
1-0: Called Strike
1-1: Ball
2-1: Fielders Choice at 2nd, 4-6 (Groundball, 34)
Top of the 5th over - 0 run(s), 1 hit(s), 0 error(s), 0 left on base; Newark 3 - Mt Pleasant 6
BOTTOM OF THE 5TH
Mt Pleasant Bearcats batting - Pitching for Newark Bulldogs : RHP Jesús Salazar
Batting: RHB Carlos López 0-0: Ball
1-0: Ball
2-0: Called Strike
2-1: Called Strike
2-2: Foul Ball, location: 2F
2-2: Ground out 6-3 (Groundball, 6)
Batting: RHB Pat Fernández 0-0: Ball
1-0: Ground out 6-3 (Groundball, 6)
Batting: RHB Jeffrey Hicks 0-0: Ball
1-0: Ball
2-0: Ball
3-0: Base on Balls
Batting: RHB Chris Burrell 0-0: Foul Ball, location: 2F
0-1: Called Strike
0-2: SINGLE (Groundball, 4MD)
Jeffrey Hicks to second
Jeffrey Hicks to third
Pitching: RHP Roberto Cordero
Batting: RHB Tom Hicks 0-0: Ball
1-0: SINGLE (Line Drive, 4M)
Jeffrey Hicks scores
Chris Burrell to second
Runner from 2nd tries for 3rd, SAFE, throw made to third
Tom Hicks to second
Batting: RHB Pedro López 0-0: Ball
1-0: Foul Ball, location: 2F
1-1: Ball
2-1: Foul Ball, location: 2F
2-2: Ball
3-2: Strikes out swinging
Bottom of the 5th over - 1 run(s), 2 hit(s), 0 error(s), 2 left on base; Newark 3 - Mt Pleasant 7
TOP OF THE 6TH
Newark Bulldogs batting - Pitching for Mt Pleasant Bearcats : LHP Ed Stevens
Batting: RHB Norris Howard 0-0: Foul Ball, location: 2F
0-1: Ball
1-1: Swinging Strike
1-2: Ball
2-2: SINGLE (Line Drive, 6MD)
Batting: RHB Joe Baker 0-0: Foul Ball, location: 2F
0-1: Called Strike
0-2: Ball
1-2: Foul Ball, location: 2F
1-2: SINGLE (Groundball, 34D)
Norris Howard to second
Runner from 2nd tries for 3rd, SAFE, throw made to third
Batting: RHB Stan Simpson 0-0: Fielders Choice at 2nd, 6-4 (Groundball, 56)
Norris Howard scores
Batting: LHB Ángel Tuzzi 0-0: Foul Ball, location: 2F
0-1: Hit by Pitch
Stan Simpson to second
Batting: RHB Perry Henry 0-0: Ball
1-0: Foul Ball, location: 2F
1-1: Grounds into double play, 5-4-3 (Groundball, 56)
Top of the 6th over - 1 run(s), 2 hit(s), 0 error(s), 1 left on base; Newark 4 - Mt Pleasant 7
BOTTOM OF THE 6TH
Mt Pleasant Bearcats batting - Pitching for Newark Bulldogs : RHP Roberto Cordero
Batting: RHB Nicoli Turina 0-0: Foul Ball, location: 2F
0-1: Called Strike
0-2: Strikes out swinging
Batting: RHB Martín Pérez 0-0: Ground out 5-3 (Groundball, 56)
Batting: RHB Ben Barker 0-0: Foul Ball, location: 2F
0-1: Fly out, F8 (Flyball, 8LM)
Bottom of the 6th over - 0 run(s), 0 hit(s), 0 error(s), 0 left on base; Newark 4 - Mt Pleasant 7
TOP OF THE 7TH
Newark Bulldogs batting - Pitching for Mt Pleasant Bearcats : LHP Ed Stevens
Batting: LHB Gerardo Guzmán 0-0: Foul Ball, location: 2F
0-1: Ball
1-1: Foul Ball, location: 2F
1-2: Ball
2-2: Ground out 4-3 (Groundball, 4)
Pitching: LHP Bob Quested
Batting: RHB Wilson Flores 0-0: SINGLE (Groundball, 6MS) (infield hit)
Batting: RHB Ken McDonald 0-0: Called Strike
0-1: Ball
1-1: Ball
2-1: Ball
3-1: Foul Ball, location: 2F
3-2: DOUBLE (Groundball, 5L)
Wilson Flores to third
Batting: LHB Frank Jackson 0-0: Ball
1-0: Fly out, F8 (Line Drive, 8LM)
Runner from 3rd tags up, SCORES, no throw
Batting: RHB Norris Howard 0-0: Ball
1-0: Ball
2-0: Foul Ball, location: 2F
2-1: Ball
3-1: Ground out 6-3 (Groundball, 6)
Top of the 7th over - 1 run(s), 2 hit(s), 0 error(s), 1 left on base; Newark 5 - Mt Pleasant 7
BOTTOM OF THE 7TH
Mt Pleasant Bearcats batting - Pitching for Newark Bulldogs : RHP Roberto Cordero
Batting: RHB Carlos López 0-0: Called Strike
0-1: Foul Ball, location: 2F
0-2: Ball
1-2: Ball
2-2: Foul Ball, location: 2F
2-2: Fly out, F9 (Flyball, 89M)
Batting: RHB Pat Fernández 0-0: Swinging Strike
0-1: Ball
1-1: Ball
2-1: Foul Ball, location: 2F
2-2: Ball
3-2: Strikes out swinging, 2-3 out at first.
Batting: RHB Jeffrey Hicks 0-0: Ball
1-0: Called Strike
1-1: Ball
2-1: Foul Ball, location: 2F
2-2: Fly out, F4 (Line Drive, 4M)
Bottom of the 7th over - 0 run(s), 0 hit(s), 0 error(s), 0 left on base; Newark 5 - Mt Pleasant 7
TOP OF THE 8TH
Newark Bulldogs batting - Pitching for Mt Pleasant Bearcats : LHP Bob Quested
Now at 1B: Yasutoki Kojima
Now in CF: Juan Trujillo
Batting: RHB Joe Baker 0-0: Called Strike
0-1: Ball
1-1: Swinging Strike
1-2: Foul Ball, location: 2F
1-2: Foul Ball, location: 2F
1-2: Foul Ball, location: 2F
1-2: Ball
2-2: Ball
3-2: Ground out 3-1 (Groundball, 34S)
Batting: RHB Stan Simpson 0-0: Ball
1-0: Called Strike
1-1: Ground out 6-3 (Groundball, 6)
Batting: LHB Ángel Tuzzi 0-0: Called Strike
0-1: Foul Ball, location: 2F
0-2: Ground out 6-3 (Groundball, 6)
Top of the 8th over - 0 run(s), 0 hit(s), 0 error(s), 0 left on base; Newark 5 - Mt Pleasant 7
BOTTOM OF THE 8TH
Mt Pleasant Bearcats batting - Pitching for Newark Bulldogs : RHP Roberto Cordero
Batting: RHB Chris Burrell 0-0: Ball
1-0: Foul Ball, location: 2F
1-1: Foul Ball, location: 2F
1-2: Foul Ball, location: 2F
1-2: Reached on error, E6 (Groundball, 6)
Batting: RHB Tom Hicks 0-0: Intentional Walk
Batting: RHB Pedro López 0-0: Bunted foul
0-1: Ball
1-1: Sac Bunt - play at first, batter safe!
Chris Burrell to third
Tom Hicks to second
Batting: RHB Nicoli Turina 0-0: Ball
1-0: Swinging Strike
1-1: Swinging Strike
1-2: Fly out, F7 (Flyball, 78S)
Pinch Hitting: RHB Chris Jones 0-0: Swinging Strike
0-1: SINGLE (Flyball, 7S)
Chris Burrell scores
Tom Hicks to third
Pedro López to second
Pinch Hitting: LHB Colm Massey 0-0: Called Strike
0-1: Ball
1-1: Ball
2-1: Foul Ball, location: 2F
2-2: Ball
3-2: Base on Balls
Tom Hicks scores
Pedro López to third
Chris Jones to second
Batting: RHB Carlos López 0-0: Fly out, F9 (Flyball, 9S)
Pitching: LHP José Alaniz
Batting: RHB Yasutoki Kojima 0-0: Called Strike
0-1: Ball
1-1: Called Strike
1-2: Fielders Choice at 2nd, 4-6 (Groundball, 4)
Bottom of the 8th over - 2 run(s), 2 hit(s), 1 error(s), 2 left on base; Newark 5 - Mt Pleasant 9
TOP OF THE 9TH
Newark Bulldogs batting - Pitching for Mt Pleasant Bearcats : LHP Bob Quested
Pitching: RHP Bill Sampson
Now at 2B: Jorge Mora
Now in RF: Colm Massey
Batting: RHB Perry Henry 0-0: Ball
1-0: Ball
2-0: SOLO HOME RUN (Flyball, 7D), Distance : 392 ft
Batting: LHB Gerardo Guzmán 0-0: Ball
1-0: Foul Ball, location: 2F
1-1: Foul Ball, location: 2F
1-2: Ground out 5-3 (Groundball, 56)
Batting: RHB Wilson Flores 0-0: Foul Ball, location: 2F
0-1: Foul Ball, location: 2F
0-2: Strikes out looking
Batting: RHB Ken McDonald 0-0: Called Strike
0-1: Ball
1-1: Ball
2-1: SINGLE (Groundball, 56D)
Batting: LHB Frank Jackson 0-0: Called Strike
0-1: Called Strike
0-2: Strikes out looking
Top of the 9th over - 1 run(s), 2 hit(s), 0 error(s), 1 left on base; Newark 6 - Mt Pleasant 9
Thursday, March 30th, 2017 - OOTP Baseball 17.12 Build 75